 Dungeon Crawl Stone Soup version 0.27-a0-1312-g5cdb2b3 (webtiles) character file.

Game seed: 1784369735553714654

46107 HDogLeCool the Warrior (level 14, -3/138 HPs)
             Began as a Minotaur Berserker on June 19, 2021.
             Was a High Priest of Trog.
             Slain by Rupert (31 damage)
             ... on level 3 of the Lair of Beasts on June 20, 2021.
             The game lasted 00:44:29 (19854 turns).

HDogLeCool the Warrior (Minotaur Berserker)        Turns: 19854, Time: 00:44:30

Health: -3/138     AC: 23    Str: 25    XL:     14   Next: 3%
Magic:  13/13      EV: 13    Int:  4    God:    Trog [*****.]
Gold:   833        SH:  0    Dex: 18    Spells: 13/13 levels left

rFire    . . .     SeeInvis .   N - +6 broad axe (vorpal)
rCold    + + .     Faith    .   (no shield)
rNeg     . . .     Spirit   .   r - +2 plate armour {rC+}
rPois    .         Reflect  .   n - +2 hat
rElec    .         Harm     .   l - +0 cloak
rCorr    .         Rampage  .   s - +1 pair of gloves
Will     +++..                  (no boots)
Stlth    ..........             u - amulet of regeneration
HPRegen  2.33/turn              G - ring of protection from cold
MPRegen  0.13/turn              D - +6 ring of dexterity

@: strong-willed (expiring), on berserk cooldown, regenerating (expiring),
slowed, studying Shields, very slow
A: horns 2, retaliatory headbutt
a: Renounce Religion, Berserk, Trog's Hand, Brothers in Arms


You were on level 3 of the Lair of Beasts.
You worshipped Trog.
Trog was extremely pleased with you.
You visited 3 branches of the dungeon, and saw 16 of its levels.
You also visited: Bailey.

You collected 1770 gold pieces.
You spent 937 gold pieces at shops.

Inventory:

Hand Weapons
 v - a +1 lajatang
 z - the +5 hunting sling of Wondrous Power {speed, rCorr}
   (You found it on level 9 of the Dungeon)

   Attacks with this weapon are significantly faster.
   It protects you from acid and corrosion.
 N - a +6 vorpal broad axe (weapon)
 R - a +1 executioner's axe of freezing
 S - a +2 vorpal glaive
Missiles
 A - 9 curare-tipped darts
 I - 3 throwing nets
 O - 7 atropa-tipped darts
Armour
 a - a +1 hat
 l - a +0 cloak (worn)
 n - a +2 hat (worn)
 r - a +2 plate armour of cold resistance (worn)
 s - a +1 pair of gloves (worn)
 J - a +4 scale mail of cold resistance
Jewellery
 c - an amulet of faith
 u - an amulet of regeneration (around neck)
 B - a ring of flight
 D - a +6 ring of dexterity (right hand)
 G - a ring of protection from cold (left hand)
Wands
 m - a wand of charming (12)
 x - a wand of digging (4)
 C - a wand of acid (11)
 F - a wand of flame (58)
 M - a wand of iceblast (32)
 Q - a wand of polymorph (7)
Scrolls
 b - 5 scrolls of identify
 d - a scroll of torment
 e - a scroll of acquirement
 i - a scroll of blinking
 o - 3 scrolls of magic mapping
 t - a scroll of teleportation
 w - 2 scrolls of vulnerability {unknown}
 K - a scroll of enchant weapon
 L - 2 scrolls of fog
Potions
 f - 3 potions of invisibility
 g - a potion of might
 h - a potion of lignification
 j - 6 potions of curing
 k - 3 potions of attraction
 p - 3 potions of mutation
 q - a potion of berserk rage
 E - a potion of magic
 P - a potion of haste
 T - a potion of heal wounds
 U - a potion of experience


   Skills:
 * Level 16.6 Fighting
 * Level 12.4(14.0) Axes
 - Level 11.1(13.4) Polearms
 - Level 1.7(7.3) Staves
 + Level 12.2 Armour
 + Level 11.4 Dodging


You had 13 spell levels left.
You didn't know any spells.
Your spell library was empty.

Dungeon Overview and Level Annotations

Branches:
Dungeon (11/15)            Temple (0/1) D:7            Lair (3/6) D:9
  Snake (0/4) Lair:3          Orc (2/2) D:10            Elf (0/3) Orc:2
 Bailey (visited)
  Swamp: Lair:2-4    Shoals: Lair:2-4

Altars:
Cheibriados
Dithmenos
Fedhas
Gozag
Hepliaklqana
Nemelex Xobeh
Qazlal
Uskayaw
Wu Jian
Xom
Zin
The Shining One
Beogh

Shops:
D:8 *   Orc:1 !*:   Orc:2 (*(*

Annotations:
D:2 1 runed translucent door, Crazy Yiuf
D:10 2 transporters, crawlisdead's ghost, journeyman DrCj
Lair:1 exclusion: oklob plant
Lair:3 Rupert


Innate Abilities, Weirdness & Mutations

You have a pair of horns on your head.
You reflexively headbutt those who attack you in melee.


Message History

The elephant tramples your troll.
Your troll holds its ground!
The elephant trunk-slaps your troll.
You swap places.
Your troll bites Rupert!!
Your troll claws Rupert! x2
Rupert hits your troll with a +2 great mace of holy wrath!!!
Your troll bites the elephant!!
The elephant dies!
Trog accepts your kill.
An elephant comes into view.
Rupert hits your troll with a +2 great mace of holy wrath!!
Your troll dies!
Your troll's corpse disappears in a puff of smoke!
You catch the helpless Rupert completely off-guard!
You slice Rupert!!
Rupert is severely wounded.
Rupert hits you but does no damage. Rupert misses you.
You hit Rupert.
Rupert is severely wounded.
Rupert hits you with a +2 great mace of holy wrath!!!
* * * LOW HITPOINT WARNING * * *
Rupert hits you with a +2 great mace of holy wrath.
* * * LOW HITPOINT WARNING * * *
Unknown command.
You feel much better.
Rupert hits you with a +2 great mace of holy wrath!
* * * LOW HITPOINT WARNING * * *
The elephant barely misses you.
The elephant trunk-slaps you but does no damage.
Rupert hits you but does no damage.
You hit Rupert. Your headbutt misses Rupert.
Rupert is severely wounded.
You slash the elephant!
Rupert hits you with a +2 great mace of holy wrath.
* * * LOW HITPOINT WARNING * * *
The elephant tramples you but does no damage.
The elephant trunk-slaps you but does no damage.
Rupert hits you with a +2 great mace of holy wrath!
* * * LOW HITPOINT WARNING * * *
You feel the effects of Trog's Hand fading.
Rupert hits you with a +2 great mace of holy wrath!!
You die...

......##.......#
#..........#.
......P#.......#
###......#.....
............P...#
.....!......#.
.....######P.#.##
##............ .....#
####..#
#.......P...#. .....#
#..# #............
.....#
##..#####......#.....
.....#
#P...........$.......
.....#
#P..@@Y†.......P.....
.....##
##..##.##......#...#.
......# #.#
####............
.....## #.
#...≈.........
......# .
#...≈≈≈#...##..
.....## ##
....>.≈≈#..#≈#..
......#
......####...≈#.
......#
.......#.....##.
...†..#


You could see Rupert (berserk) and an elephant.

Vanquished Creatures
  Gastronok (Lair:1)
  2 hydras
  Harold (D:9)
  4 ogre magi (Orc:2)
  16 two-headed ogres
  7 death yaks
  Pikel (D:4)
  4 orc knights
  A deep elf pyromancer (Orc:2)
  A deep elf zephyrmancer (Orc:2)
  An orc sorcerer (Orc:2)
  3 elephants (Lair:3)
  4 black mambas
  6 cane toads
  Maggie (D:8)
  A troll (Orc:2)
  A polar bear (Lair:3)
  Sigmund (D:3)
  3 basilisks
  26 yaks
  2 steam dragons
  4 nagas (Lair:3)
  11 water moccasins
  A sky beast (D:7)
  A swamp drake (Orc:2)
  20 orc warriors
  4 black bears
  4 necrophages
  8 wolves
  4 centaurs
  34 ogres
  3 kobold brigands
  9 bullfrogs
  A gnoll sergeant (D:4)
  2 scorpions
  2 water moccasin zombies (D:5)
  2 wyvern skeletons (D:7)
  5 wights
  4 howler monkeys
  2 bullfrog zombies
  7 centaur zombies
  A crimson imp (Orc:2)
  A bullfrog skeleton (D:7)
  2 hounds
  7 jellies
  13 orc priests
  A centaur skeleton (D:7)
  An iron imp (Orc:2)
  3 iguanas
  18 orc wizards
  A scorpion zombie (D:5)
  2 hell rats (D:9)
  Natasha (twice) (D:2)
  2 killer bee zombies (D:7)
  A gnoll (D:7)
  6 adders
  3 river rats (D:9)
  3 shadow imps
  5 white imps
  2 ufetubi (D:7)
  An adder skeleton (D:4)
  3 worms
  5 dart slugs
  97 orcs
  20 endoplasms
  2 giant cockroaches
  9 hobgoblins
  14 jackals
  17 kobolds
  3 quokkas
  4 ball pythons
  2 bats
  2 frilled lizards (D:1)
  5 goblins
  5 rats
478 creatures vanquished.

Vanquished Creatures (collateral kills)
  2 elephants (Lair:3)
2 creatures vanquished.

Vanquished Creatures (others)
  An orc wizard (Orc:2)
  An orc (Orc:2)
  20 fungi
  9 plants
31 creatures vanquished.

Grand Total: 511 creatures vanquished

Notes
Turn   | Place    | Note
-------+----------+-------------------------------------------
     0 | D:1      | HDogLeCool the Minotaur Berserker began the quest for the
                  | Orb.
     0 | D:1      | Reached XP level 1. HP: 19/19 MP: 0/0
   394 | D:1      | Reached XP level 2. HP: 26/27 MP: 1/1
   560 | D:1      | Reached skill level 4 in Fighting
   750 | D:1      | Found a faded altar of an unknown god.
  1335 | D:2      | Noticed Natasha
  1339 | D:2      | Noticed a crimson imp
  1344 | D:2      | Killed Natasha
  1345 | D:2      | Reached XP level 3. HP: 26/34 MP: 2/2
  1787 | D:2      | Noticed Natasha
  1793 | D:2      | Killed Natasha
  1794 | D:2      | Reached XP level 4. HP: 41/41 MP: 3/3
  1796 | D:2      | Reached ** piety under Trog
  2545 | D:2      | Found a runed translucent door.
  2546 | D:2      | Noticed Crazy Yiuf
  2715 | D:3      | Found an opulent altar of Gozag.
  2919 | D:3      | Found a shadowy altar of Dithmenos.
  2930 | D:3      | Noticed Sigmund
  2941 | D:3      | Killed Sigmund
  2942 | D:3      | Reached skill level 5 in Fighting
  2942 | D:3      | Reached skill level 5 in Axes
  2942 | D:3      | Reached XP level 5. HP: 49/49 MP: 4/4
  2942 | D:3      | Reached XP level 6. HP: 56/56 MP: 5/5
  3261 | D:3      | Found a hazy altar of Hepliaklqana.
  3273 | D:3      | Found a glowing golden altar of the Shining One.
  3735 | D:4      | Reached skill level 1 in Polearms
  3803 | D:4      | Reached skill level 6 in Fighting
  3893 | D:4      | Noticed a two-headed ogre
  3906 | D:4      | Killed a two-headed ogre
  3907 | D:4      | Reached skill level 7 in Fighting
  3907 | D:4      | Reached skill level 5 in Armour
  3907 | D:4      | Reached XP level 7. HP: 59/66 MP: 6/6
  3907 | D:4      | Reached XP level 8. HP: 65/73 MP: 7/7
  4075 | D:4      | Reached *** piety under Trog
  4147 | D:4      | Found a snail-covered altar of Cheibriados.
  4240 | D:4      | Reached skill level 5 in Polearms
  4448 | D:4      | Reached skill level 5 in Dodging
  4453 | D:4      | Reached skill level 8 in Fighting
  4801 | D:4      | Noticed Pikel
  4837 | D:4      | Killed Pikel
  4838 | D:4      | Reached skill level 1 in Staves
  4838 | D:4      | Reached XP level 9. HP: 82/82 MP: 8/8
  4927 | D:5      | Entered Level 5 of the Dungeon
  4935 | D:5      | Reached skill level 9 in Fighting
  5003 | D:5      | Found a sand-covered staircase.
  5013 | D:5      | Found an ornate altar of the Wu Jian Council.
  5257 | D:5      | Reached **** piety under Trog
  5778 | D:6      | Found a sparkling altar of Nemelex Xobeh.
  5930 | D:6      | Reached skill level 10 in Fighting
  6609 | D:7      | Found a staircase to the Ecumenical Temple.
  6822 | D:7      | Reached XP level 10. HP: 94/94 MP: 9/9
  7036 | D:7      | Reached ***** piety under Trog
  7226 | D:7      | Found a blossoming altar of Fedhas.
  7690 | D:8      | Found Zin's Purification Station.
  7709 | D:8      | Noticed Maggie
  8023 | D:8      | Killed Maggie
  8095 | D:8      | Reached skill level 11 in Fighting
  8245 | D:8      | Found a glowing silver altar of Zin.
  8295 | D:8      | Found a stormy altar of Qazlal.
  8365 | D:9      | Identified the +5 hunting sling of Wondrous Power {speed,
                  | rCorr}
  8383 | D:9      | Found a staircase to the Lair.
  8383 | D:9      | Noticed a death yak
  8383 | D:9      | Noticed a death yak
  8388 | D:9      | Noticed a death yak
  8398 | D:9      | Killed a death yak
  8416 | D:9      | Killed a death yak
  8417 | D:9      | Reached skill level 10 in Polearms
  8428 | D:9      | Killed a death yak
  8775 | D:9      | Noticed Harold
  8789 | D:9      | Killed Harold
  8790 | D:9      | Reached skill level 12 in Fighting
  8790 | D:9      | Reached XP level 11. HP: 68/104 MP: 10/10
  9467 | D:10     | Entered Level 10 of the Dungeon
  9474 | D:10     | Found a transporter.
  9488 | D:10     | Noticed crawlisdead's ghost (journeyman DrCj)
  9594 | Lair:1   | Entered Level 1 of the Lair of Beasts
  9612 | Lair:1   | Received a gift from Trog
  9981 | D:10     | Found a transporter.
 10251 | D:10     | Found a staircase to the Orcish Mines.
 10273 | D:10     | Noticed a two-headed ogre
 10282 | D:10     | Killed a two-headed ogre
 10652 | D:10     | Found a shimmering altar of Xom.
 10652 | D:10     | Found a shimmering altar of Xom.
 10652 | D:10     | Found a shimmering altar of Xom.
 10658 | D:10     | Found a shimmering altar of Xom.
 10662 | D:10     | Found a shimmering altar of Xom.
 10666 | D:10     | Found a shimmering altar of Xom.
 11021 | Orc:1    | Entered Level 1 of the Orcish Mines
 11022 | Orc:1    | Noticed an orc knight
 11035 | Orc:1    | Killed an orc knight
 11079 | Orc:1    | Reached skill level 13 in Fighting
 11285 | Orc:2    | Entered Level 2 of the Orcish Mines
 11294 | Orc:1    | Found Purchok's Distillery.
 11294 | Orc:1    | Noticed an orc knight
 11303 | Orc:1    | Killed an orc knight
 11329 | Orc:1    | Found a flagged portal.
 11339 | Bailey   | Entered a bailey
 11426 | Bailey   | HP: 5/107 [orc warrior/bolt (8)]
 11995 | Bailey   | Noticed an orc knight
 12001 | Bailey   | Killed an orc knight
 12288 | Bailey   | Received a gift from Trog
 12694 | Orc:1    | Bought a potion of heal wounds for 75 gold pieces
 12694 | Orc:1    | Bought a potion of experience for 750 gold pieces
 12784 | Orc:1    | Noticed a two-headed ogre
 12786 | Orc:1    | Found Ulatwe's Assorted Antiques.
 12790 | Orc:1    | Killed a two-headed ogre
 13117 | Orc:1    | Found Pomp's Book Shoppe.
 13328 | Orc:2    | Noticed an orc sorcerer
 13340 | Orc:2    | Killed an orc sorcerer
 13428 | Orc:2    | Reached skill level 10 in Armour
 13428 | Orc:2    | Reached XP level 12. HP: 114/116 MP: 11/11
 13481 | Orc:2    | Noticed a two-headed ogre
 13481 | Orc:2    | Noticed a two-headed ogre
 13482 | Orc:2    | Noticed a two-headed ogre
 13482 | Orc:2    | Noticed a two-headed ogre
 13482 | Orc:2    | Noticed an ogre mage
 13947 | Orc:2    | Killed a two-headed ogre
 13948 | Orc:2    | Reached skill level 14 in Fighting
 13951 | Orc:2    | Received a gift from Trog
 14379 | Orc:2    | Killed an ogre mage
 14415 | Orc:2    | Noticed an ogre mage
 14425 | Orc:2    | Killed an ogre mage
 14458 | Orc:2    | Noticed a two-headed ogre
 14463 | Orc:2    | Killed a two-headed ogre
 14463 | Orc:2    | Noticed an ogre mage
 14469 | Orc:2    | Killed an ogre mage
 14561 | Orc:2    | Noticed a two-headed ogre
 14567 | Orc:2    | Killed a two-headed ogre
 14568 | Orc:2    | Reached skill level 10 in Dodging
 14651 | Orc:2    | Noticed a two-headed ogre
 14658 | Orc:2    | Killed a two-headed ogre
 14670 | Orc:2    | Noticed a two-headed ogre
 14681 | Orc:2    | Killed a two-headed ogre
 14835 | Orc:2    | Killed a two-headed ogre
 15380 | Orc:2    | Reached skill level 15 in Fighting
 15590 | Orc:2    | Noticed an ogre mage
 15599 | Orc:2    | Killed an ogre mage
 15651 | Orc:2    | Noticed a two-headed ogre
 15653 | Orc:2    | Noticed a two-headed ogre
 15657 | Orc:2    | Killed a two-headed ogre
 15658 | Orc:2    | Reached skill level 10 in Axes
 15661 | Orc:2    | Killed a two-headed ogre
 15696 | Orc:2    | Killed a two-headed ogre
 15697 | Orc:2    | Reached XP level 13. HP: 81/127 MP: 12/12
 15937 | Orc:2    | Found Oreckuybb's General Store.
 15937 | Orc:2    | Found Zous's Assorted Antiques.
 15938 | Orc:2    | Found Sywo's Weapon Boutique.
 15938 | Orc:2    | Found Utoav's Weapon Emporium.
 16035 | Orc:2    | Found a staircase to the Elven Halls.
 16061 | Orc:2    | Bought a scroll of identify for 56 gold pieces
 16061 | Orc:2    | Bought a scroll of identify for 56 gold pieces
 16871 | Lair:1   | You fall into a shaft and drop 1 floor!
 17141 | Lair:2   | You fall into a shaft and drop 1 floor!
 17298 | Lair:1   | Received a gift from Trog
 17768 | Lair:1   | Reached skill level 16 in Fighting
 17845 | Lair:1   | Noticed Gastronok
 17861 | Lair:1   | Killed Gastronok
 18393 | Lair:2   | Identified the +0 robe "Ranoadgh" {rElec Will+ Regen+}
 18495 | Lair:2   | Found a hide-covered altar of Uskayaw.
 19300 | Lair:3   | Found a staircase to the Snake Pit.
 19544 | Lair:3   | Identified a scroll of acquirement
 19817 | Lair:3   | Noticed Rupert
 19836 | Lair:3   | Reached XP level 14. HP: 108/138 MP: 13/13
 19841 | Lair:3   | Paralysed by Rupert for 3 turns
 19854 | Lair:3   | Slain by Rupert

Illustrated notes

Levels and vault maps discovered:
D:1:      kennysheep_arrival_forest, layout_loops_ring,
          hellmonk_ecumenical_altar_inner_sanctum, minivault_14
D:2:      wander_river, layout_basic, serial_forest,
          infiniplex_forest_side_room, infiniplex_forest_straight_1,
          infiniplex_forest_lined_corner, infiniplex_forest_clump_tiny,
          uniq_crazy_yiuf_cottage, uniq_natasha
D:3:      layout_basic, nicolae_dithmenos_shadow_blocks,
          nicolae_gozag_cash_rules_everything_around_me,
          amethyst_overflow_temple_binary, uniq_sigmund
D:4:      cheibrodos_barr_body, layout_cave_pools, lemuel_doored_altar,
          uniq_pikel
D:5:      layout_cave_pools, overflow_temple_1_default,
          lightli_ossuary_entry_decrepit_ruins
D:6:      layout_cave_pools, nemelex_diamond_rough_becter
D:7:      minmay_bubble_buster, layout_basic, lemuel_round_altar,
          minmay_temple_entry_trees
D:8:      layout_rooms, zin_purify, nicolae_qazlal_scattered_showers,
          uniq_maggie
D:9:      layout_gridville, dpeg_lair_monsters, uniq_harold
D:10:     layout_loops_ring, xom_shifter_show, erik_orc_3,
          gammafunk_ghost_abyssal_escape
D:11:     layout_basic, uniq_sonja
Lair:1:   lemuel_slime, layout_chaotic_city, uniq_gastronok
Lair:2:   layout_cave_pods, basic_altar, grunt_megastairs_5
Lair:3:   layout_gridlike, guppyfry_snake_entry_garden,
          chequers_serial_rivers_small_b, uniq_rupert
Orc:1:    layout_caves, enter_bailey_2, serial_shops, nicolae_shop_statue_plus,
          shop_statue, shop, mines2_david
Orc:2:    st_orc_ogre_mass, layout_diamond_mine, basic_altar,
          hangedman_minor_magic

Skill      XL: |  1  2  3  4  5  6  7  8  9 10 11 12 13 |
---------------+----------------------------------------+-----
Axes           | 4 5 7 10 12 | 12.4
Fighting       | 4 5 7 8 10 12 13 15 16 | 16.6
Armour         | 3 5 6 7 8 10 11 12 | 12.2
Dodging        | 3 4 5 6 7 9 10 11 | 11.4
Polearms       | 4 6 8 10 11 | 11.1
Staves         | 1 |  1.7

Action                   |  1- 3 |  4- 6 |  7- 9 | 10-12 | 13-15 || total
-------------------------+-------+-------+-------+-------+-------++-------
Melee: Hand axe          |    72 |    60 |       |       |       ||   132
       Headbutt          |     6 |    16 |    41 |   134 |    69 ||   266
       Lajatang          |       |    23 |   210 |   175 |     4 ||   412
       Broad axe         |       |       |       |   308 |   230 ||   538
Invok: Berserk           |     3 |     4 |     9 |    12 |     7 ||    35
       Trog's Hand       |       |       |       |     2 |     1 ||     3
       Brothers in Arms  |       |       |       |       |     1 ||     1
  Use: Scroll            |       |       |       |    16 |    10 ||    26
       Potion            |       |       |       |     4 |     1 ||     5
 Stab: Distracted        |       |       |       |       |     1 ||     1
Armor: Animal skin       |    17 |       |       |       |       ||    17
       Scale mail        |     1 |    25 |     3 |   150 |    61 ||   240
       Chain mail        |       |       |   129 |    58 |       ||   187
       Plate armour      |       |       |       |       |    56 ||    56
Dodge: Dodged            |    29 |    31 |   122 |   396 |   143 ||   721

Table legend: (Time is in decaauts)
 A = Elapsed time spent in this place.
 B = Non-inter-level travel time spent in this place.
 C = Inter-level travel time spent in this place.
 D = Time resting spent in this place.
 E = Time spent auto-exploring this place.
 F = Levels seen in this place.
 G = Mean time per level.
                   A        B        C        D        E       F      G
               +--------+--------+--------+--------+--------+-----+--------+
         Total |  20261 |  19183 |   1078 |   4821 |  10954 |  17 | 1191.8 |
       Dungeon |  11834 |  11099 |    735 |   2137 |   7137 |  11 | 1075.8 |
          Lair |   3364 |   3212 |    152 |    584 |   2161 |   3 | 1121.3 |
  Orcish Mines |   3712 |   3521 |    191 |   1313 |   1355 |   2 | 1856.0 |
        Bailey |   1349 |   1349 |      0 |    787 |    301 |   1 | 1349.0 |
               +--------+--------+--------+--------+--------+-----+--------+

Top non-repeatable levels by time:
   Orc:2: 2703 daAuts
     D:2: 1648 daAuts
     D:9: 1599 daAuts
  Lair:1: 1539 daAuts
  Bailey: 1349 daAuts
    D:10: 1307 daAuts
     D:7: 1280 daAuts
     D:4: 1270 daAuts
     D:3: 1127 daAuts
  Lair:2: 1122 daAuts
     D:1: 1033 daAuts
   Orc:1: 1009 daAuts
     D:6: 838 daAuts
     D:5: 721 daAuts
  Lair:3: 702 daAuts
